AoeStats
← El bayano

Arabia

509236527Analyzed
1v1 RM · 7d ago on Sep 26, 2026· 55m 20s· 2 players
Game mode
Random Map
Map size
Tiny (2 player)
Population
200
Speed
Normal
Resources
Standard
Victory
Conquest
Starting age
Dark Age
Ending age
Imperial Age
RankedLock teamsTeams togetherTeam positionsShared explorationLock speedFull tech treeHidden civsTurbo modeCheats
Victory
Defeat
🇦🇷 Burmese · Argentina
1603
+13
🇺🇾 Danes · Uruguay
1542
-13
DGHIR | Lukera
7:34 Loom
10:49 Feudal Age
10:56 Man-at-Arms
16:58 Fletching
22:51 Castle Age
21:35 Gold Mining
21:28 Horse Collar
22:14 Padded Archer Armor
23:43 Bodkin Arrow
23:16 Crossbowman
25:54 Ballistics
31:28 Wheelbarrow
30:39 Town Watch
39:58 Imperial Age
38:46 Gold Shaft Mining
38:29 Hand Cart
39:52 Forging
40:38 Scale Barding Armor
42:19 Chemistry
41:25 Bracer
43:37 Chain Barding Armor
44:48 Conscription
45:32 Plate Barding Armor
46:31 Onager
47:53 Light Cavalry
48:44 Bloodlines
49:06 Heavy Plow
48:32 Hussar
49:12 Husbandry
51:55 Masonry
54:16 Iron Casting
55:02 Husbandry
54:23 Elite Battle Elephant
56:05 Blast Furnace
54:57 Stone Mining
El bayano
10:15 Loom
14:13 Feudal Age
15:32 Double-Bit Axe
15:30 Horse Collar
17:16 Fletching
18:07 Padded Archer Armor
18:58 Man-at-Arms
24:25 Castle Age
23:03 Arson
24:28 Crossbowman
26:58 Thumb Ring
28:49 Bodkin Arrow
30:39 Husbandry
31:03 Bow Saw
33:34 Wheelbarrow
35:49 Heavy Plow
38:54 Leather Archer Armor
39:08 Hand Cart
38:39 Town Watch
39:46 Scale Mail Armor
40:48 Chain Mail Armor
45:25 Imperial Age
43:52 Masonry
44:07 Forging
45:00 Squires
45:36 Iron Casting
46:13 Bracer
45:39 Capped Ram
47:29 Plate Mail Armor
49:15 Ring Archer Armor
48:07 Elite Skirmisher
49:41 Ballistics
49:59 Siege Ram
52:14 Chemistry
51:51 Conscription
51:39 Onager
54:24 Guard Tower
Connection lost

Rejoining the realm…

Still unreachable

The connection could not be restored.

Session expired

The server has moved on; the page needs a fresh start.